 Dungeon Sprint DCSS version 0.28.0-45-g0d030f2227 (webtiles) character file.

Game seed: 16246307199912926024

4200000 protoss039 the Axe Maniac (level 19, -55/207 HPs)
             Began as a Minotaur Gladiator on Apr 5, 2022.
             Was the Champion of Makhleb.
             Annihilated by a large bag of meat
             ... wielding a +9 giant spiked club
              (91 damage)
             ... in the Dungeon (Sprint VIII: "Arena of Blood").
             The game lasted 00:04:56 (42 turns).

protoss039 the Axe Maniac (Minotaur Gladiator)        Turns: 42, Time: 00:04:56

Health: -55/207    AC:  6    Str: 28    XL:     19   Next: 40%
Magic:  6/35       EV: 22    Int:  5    God:    Makhleb [******]
Gold:   0          SH:  0    Dex: 11    Spells: 18/18 levels left

rFire   . . .      SeeInvis .   k - +∞ Axe of Woe
rCold   . . .      Faith    .   (shield currently unavailable)
rNeg    . . .      Spirit   .   b - +0 leather armour
rPois   .          Reflect  .   c - +0 hat
rElec   .          Harm     .   (no cloak)
rCorr   .          Rampage  .   (no gloves)
Will    +....      NoTele   +   (no boots)
Stlth   ++++......              (no amulet)
HPRegen 0.44/turn               l - +200 ring of slaying
MPRegen 0.24/turn               (no ring)

@: no status effects
A: horns 2, retaliatory headbutt
a: Renounce Religion, Minor Destruction, Lesser Servant of Makhleb, Major
Destruction, Greater Servant of Makhleb


You were in the Dungeon.
You worshipped Makhleb.
Makhleb was exalted by your worship.
You visited 1 branch

Inventory:

Hand Weapons
 a - a +0 war axe
 k - the +∞ Axe of Woe (weapon)
   (You found it in the Dungeon)
Missiles
 d - 3 throwing nets (quivered)
Armour
 b - a +0 leather armour (worn)
 c - a +0 hat (worn)
Jewellery
 l - a +200 ring of slaying (left hand)
Scrolls
 j - a scroll of blinking
Potions
 e - a potion of curing
 f - a potion of heal wounds
 g - a potion of haste
 h - 2 potions of magic
 i - a potion of berserk rage


   Skills:
 O Level 27 Fighting
 + Level 12.2(14.3) Short Blades
 + Level 13.3(15.5) Long Blades
 O Level 27 Axes
 + Level 13.3 Staves
 + Level 12.2 Bows
 + Level 12.2 Crossbows
 - Level 2.0 Throwing
 O Level 27 Armour
 O Level 27 Dodging
 + Level 10.3 Stealth
 + Level 13.3 Shields
 + Level 8.7 Conjurations
 + Level 7.9 Hexes
 + Level 9.5 Summonings
 + Level 8.7 Necromancy
 + Level 8.7 Translocations
 + Level 9.5 Transmutations
 + Level 8.7 Fire Magic
 + Level 8.7 Ice Magic
 + Level 9.5 Air Magic
 + Level 10.4 Earth Magic
 + Level 9.5 Poison Magic
 O Level 27 Invocations
 + Level 11.3 Evocations


You had 18 spell levels left.
You didn't know any spells.
Your spell library was empty.

Dungeon Overview and Level Annotations

Branches:
Dungeon (1/1)

Altars:
Makhleb


Innate Abilities, Weirdness & Mutations

You have a pair of horns on your head.
You reflexively headbutt those who attack you in melee.


Message History

Makhleb accepts your kill.
You hear a shout! x8
Your base Short Blades skill increases to level 12!
Your base Long Blades skill increases to level 13!
Your Staves skill increases to level 13!
Your Bows skill increases to level 12!
Your Crossbows skill increases to level 12!
Your Stealth skill increases to level 10!
Your Shields skill increases to level 13!
Your Conjurations skill increases to level 8!
Your Summonings skill increases to level 9!
Your Necromancy skill increases to level 8!
Your Translocations skill increases to level 8!
Your Transmutations skill increases to level 9!
Your Fire Magic skill increases to level 8!
Your Ice Magic skill increases to level 8!
Your Air Magic skill increases to level 9!
Your Earth Magic skill increases to level 10!
Your Poison Magic skill increases to level 9!
Your Evocations skill increases to level 11!
Unknown command.
Press < or > to pray at altars.
Unknown command.
Press < or > to pray at altars.
Unknown command.
Press < or > to pray at altars.
Press: ? - help, v - describe, . - travel, g - get item
Items here: ))) === †.
The floor, spattered with blood.
A bag of meat comes into view. It is wielding a +9 war axe.
You hear a shout! x5
The bag of meat hits you with a +9 war axe!!
You hear a shout!
The bag of meat hits you with a +9 war axe!!
You hear a shout! x2
The large bag of meat hits you with a +9 giant spiked club!!!!
Ouch! That really hurt!
* * * LOW HITPOINT WARNING * * *
The large bag of meat hits you with a +9 giant spiked club!!!!
You die...

ooo.o.....
.Oo.oo....o
..Oo..... #.
o....# #.. o...#
.. .###..
...###...
......###o†......
.....o)O.o.......
..#.)o@)#......
#_.<)_# .....
#..z).# ....
......_.zO.. ...
......###........
.###.. ...###...
#.. ...# O #..
...# .. .....


You could see 2 sculptors of flesh, a large bag of meat (inner flame), a meat
berserker (berserk) and 5 bags of meat.

Vanquished Creatures
  3 vampire knights (D)
  10 ogres (D)
  A hydra (D)
  12 orcs (D)
  A skeletal warrior (D)
27 creatures vanquished.

Notes
Turn   | Place    | Note
-------+----------+-------------------------------------------
     0 | D        | Found the +∞ Axe of Woe
     0 | D        | protoss039 the Minotaur Gladiator began the quest for the
                  | Orb.
     0 | D        | Reached XP level 1. HP: 18/18 MP: 0/0
     0 | D        | Noticed a bag of meat
     2 | D        | Noticed a bag of meat
     4 | D        | Became a worshipper of Makhleb the Destroyer
     6 | D        | Killed a bag of meat
     7 | D        | Reached skill level 10 in Fighting
     7 | D        | Reached XP level 2. HP: 39/39 MP: 0/6
     7 | D        | Reached XP level 3. HP: 46/46 MP: 0/8
     7 | D        | Reached XP level 4. HP: 52/52 MP: 0/9
     7 | D        | Reached XP level 5. HP: 59/59 MP: 0/11
     7 | D        | Reached XP level 6. HP: 67/67 MP: 0/12
     7 | D        | Reached XP level 7. HP: 73/73 MP: 0/13
     7 | D        | Reached XP level 8. HP: 80/80 MP: 0/14
     7 | D        | Reached XP level 9. HP: 86/86 MP: 0/15
     7 | D        | Reached XP level 10. HP: 94/94 MP: 0/16
     8 | D        | Noticed a meat berserker
     8 | D        | Killed a bag of meat
     8 | D        | Reached * piety under Makhleb
     8 | D        | Noticed a meat berserker
     9 | D        | Reached XP level 11. HP: 104/104 MP: 0/18
     9 | D        | Noticed a bag of meat
     9 | D        | Noticed a meat berserker
     9 | D        | Noticed a bag of meat
    10 | D        | Killed a meat berserker
    10 | D        | Noticed a meat berserker
    11 | D        | Reached XP level 12. HP: 116/116 MP: 0/20
    11 | D        | Reached XP level 13. HP: 123/123 MP: 0/21
    11 | D        | Noticed a meat berserker
    11 | D        | Noticed a bag of meat
    11 | D        | Noticed a meat berserker
    12 | D        | Killed a bag of meat
    12 | D        | Noticed a bag of meat
    13 | D        | Reached skill level 27 in Axes
    13 | D        | Killed a meat berserker
    13 | D        | Reached ** piety under Makhleb
    14 | D        | Reached skill level 15 in Invocations
    14 | D        | Reached XP level 14. HP: 138/138 MP: 0/24
    14 | D        | Noticed a meat berserker
    15 | D        | Killed a meat berserker
    16 | D        | Reached skill level 27 in Dodging
    16 | D        | Killed a meat berserker
    17 | D        | Reached XP level 15. HP: 91/162 MP: 1/28
    17 | D        | Killed a meat berserker
    17 | D        | Reached *** piety under Makhleb
    18 | D        | Reached skill level 5 in Armour
    18 | D        | Noticed a meat berserker
    18 | D        | Noticed a destroyer
    19 | D        | Killed a meat berserker
    19 | D        | Killed a meat berserker
    19 | D        | Reached **** piety under Makhleb
    20 | D        | Reached skill level 27 in Fighting
    20 | D        | Reached skill level 27 in Invocations
    20 | D        | Reached XP level 16. HP: 183/183 MP: 1/32
    22 | D        | Noticed a meat berserker
    23 | D        | Killed a meat berserker
    24 | D        | Reached skill level 27 in Armour
    27 | D        | Killed a destroyer
    27 | D        | Reached ***** piety under Makhleb
    27 | D        | Killed a meat berserker
    28 | D        | Reached skill level 5 in Stealth
    28 | D        | Reached skill level 5 in Earth Magic
    28 | D        | Reached skill level 5 in Evocations
    28 | D        | Reached XP level 17. HP: 175/191 MP: 3/33
    28 | D        | Noticed a meat berserker
    29 | D        | Reached skill level 5 in Summonings
    29 | D        | Reached skill level 5 in Transmutations
    29 | D        | Reached skill level 5 in Air Magic
    29 | D        | Reached skill level 5 in Poison Magic
    29 | D        | Noticed an eight-headed meat hydra
    31 | D        | Reached skill level 5 in Conjurations
    31 | D        | Reached skill level 5 in Necromancy
    31 | D        | Reached skill level 5 in Translocations
    31 | D        | Reached skill level 5 in Fire Magic
    31 | D        | Reached skill level 5 in Ice Magic
    31 | D        | Noticed a large bag of meat
    31 | D        | Noticed a sculptor of flesh
    31 | D        | Noticed a large bag of meat
    32 | D        | Killed a nine-headed meat hydra
    33 | D        | Reached skill level 5 in Hexes
    33 | D        | Reached XP level 18. HP: 200/200 MP: 4/34
    33 | D        | Noticed a destroyer
    34 | D        | Killed a meat berserker
    34 | D        | Reached ****** piety under Makhleb
    35 | D        | Reached skill level 10 in Long Blades
    35 | D        | Reached skill level 10 in Staves
    35 | D        | Reached skill level 10 in Shields
    37 | D        | Noticed a destroyer
    38 | D        | Noticed a meat berserker
    39 | D        | Reached skill level 10 in Short Blades
    39 | D        | Reached skill level 10 in Bows
    39 | D        | Reached skill level 10 in Crossbows
    39 | D        | Noticed a sculptor of flesh
    40 | D        | Noticed a sculptor of flesh
    40 | D        | Killed a destroyer
    41 | D        | Reached skill level 10 in Evocations
    41 | D        | Reached XP level 19. HP: 207/207 MP: 6/35
    41 | D        | Killed a destroyer
    42 | D        | Reached skill level 10 in Stealth
    42 | D        | Reached skill level 10 in Earth Magic
    42 | D        | Annihilated by a large bag of meat

Illustrated notes

Levels and vault maps discovered:
D:        meatsprint

Skill      XL: |  1  2  3  4  5  6  7  8  9 10 11 12 13 14 15 16 17 18 19 |
---------------+----------------------------------------------------------+-----
Fighting       | 10 11 13 16 22 27 | 27.0
Axes           | 19 22 25 27 | 27.0
Dodging        | 17 19 22 26 27 | 27.0
Invocations    | 9 11 12 15 20 27 | 27.0
Armour         | 4 17 27 | 27.0
Short Blades   | 6 8 11 12 | 12.2
Long Blades    | 6 9 12 13 | 13.3
Staves         | 6 9 12 13 | 13.3
Bows           | 6 9 11 12 | 12.2
Crossbows      | 6 8 11 12 | 12.2
Stealth        | 5 7 9 10 | 10.3
Shields        | 6 9 12 13 | 13.3
Conjurations   | 4 6 7 8 |  8.7
Hexes          | 3 5 7 |  7.9
Summonings     | 4 6 8 9 |  9.5
Necromancy     | 4 6 7 8 |  8.7
Translocations | 4 6 7 8 |  8.7
Transmutations | 4 6 8 9 |  9.5
Fire Magic     | 4 6 7 8 |  8.7
Ice Magic      | 4 6 7 8 |  8.7
Air Magic      | 4 6 8 9 |  9.5
Earth Magic    | 5 7 9 10 | 10.4
Poison Magic   | 4 6 8 9 |  9.5
Evocations     | 5 8 10 11 | 11.3
Throwing       | |  2.0

Action                   |  1- 3 |  4- 6 |  7- 9 | 10-12 | 13-15 | 16-18 | 19-21 || total
-------------------------+-------+-------+-------+-------+-------+-------+-------++-------
Melee: Executioner's axe |     1 |       |       |     2 |     6 |     9 |     1 ||    19
Dodge: Dodged            |       |       |       |       |     1 |       |       ||     1
